 Dungeon Crawl Stone Soup version 0.27.0-1-g7a089689b8 (webtiles) character file.

Game seed: 7481345997706294225

720 coenern the Cudgeller (level 7, -1/57 HPs)
             Began as a Minotaur Fighter on Aug 17, 2021.
             Slain by a scorpion (7 damage)
             ... on level 5 of the Dungeon.
             The game lasted 00:05:57 (3395 turns).

coenern the Cudgeller (Minotaur Fighter)            Turns: 3395, Time: 00:05:57

Health: -1/57      AC: 11    Str: 22    XL:     7   Next: 42%
Magic:  6/6        EV:  7    Int:  5    God:
Gold:   180        SH:  0    Dex: 10    Spells: 6/6 levels left

rFire    . . .     SeeInvis .   u - +2 whip (flame)
rCold    . . .     Faith    .   (no shield)
rNeg     . . .     Spirit   .   v - +0 chain mail
rPois    .         Reflect  .   (helmet restricted)
rElec    .         Harm     .   (no cloak)
rCorr    .         Rampage  .   m - +0 pair of gloves
Will     .....                  t - +0 pair of boots
Stlth    ..........             (no amulet)
HPRegen  0.19/turn              (no ring)
MPRegen  0.10/turn              (no ring)

@: no status effects
A: horns 2, retaliatory headbutt
a: no special abilities


You were on level 5 of the Dungeon.
You visited 1 branch of the dungeon, and saw 6 of its levels.

You collected 180 gold pieces.

Inventory:

Hand Weapons
 a - a +0 war axe
 u - a +2 whip of flaming (weapon)
Armour
 c - a +0 kite shield
 m - a +0 pair of gloves (worn)
 t - a +0 pair of boots (worn)
 v - a +0 chain mail (worn)
Jewellery
 b - an amulet of guardian spirit
 e - a +4 ring of protection
 j - a +4 ring of evasion
 n - a ring of resist corrosion
Scrolls
 f - a scroll of teleportation {unknown}
 g - a scroll of enchant weapon {unknown}
 k - 2 scrolls of magic mapping {unknown}
 o - a scroll of brand weapon {unknown}
 p - a scroll of blinking {unknown}
 q - 8 scrolls of identify {unknown}
 r - a scroll of immolation {unknown}
 w - a scroll of fog {unknown}
 y - a scroll of enchant armour {unknown}
 B - a scroll of silence {unknown}
Potions
 d - a potion of might
 h - 2 potions of curing {unknown}
 i - 2 potions of attraction {unknown}
 l - 2 potions of berserk rage {unknown}
 s - a potion of cancellation {unknown}
 x - a potion of degeneration {unknown}
 z - a potion of heal wounds {unknown}
 A - a potion of lignification {unknown}


   Skills:
 - Level 3.6 Fighting
 - Level 6.3(8.1) Axes
 + Level 7.7(8.8) Maces & Flails
 - Level 3.6 Armour
 - Level 3.6 Shields


You had 6 spell levels left.
You didn't know any spells.
Your spell library contained the following spells:

 Spells                   Type           Power      Damage    Failure   Level
 Sandblast                Erth           0%         2d4       99%         1
 Passwall                 Tmut/Erth      0%         N/A       100%        2
 Lee's Rapid Deconstruct  Erth           0%         3d5*      100%        5


Dungeon Overview and Level Annotations

Branches:
Dungeon (6/15)
 Temple: D:4-7

Altars:


Innate Abilities, Weirdness & Mutations

You have a pair of horns on your head.
You reflexively headbutt those who attack you in melee.


Message History

The ogre hits you with a +0 giant club.
You barely miss the ogre. Your headbutt misses the ogre.
The ogre is heavily wounded.
You whack the ogre! You burn the ogre. Your headbutt misses the ogre.
The ogre is almost dead.
The ogre hits you with a +0 giant club!
You hit the ogre. You burn the ogre.
You kill the ogre!
A scorpion comes into view.
Things that are here:
a +0 giant club; an ogre corpse
Found a stone staircase leading up.
The scorpion stings you.
* * * LOW HITPOINT WARNING * * *
You are poisoned.
The scorpion poisons you!
You hit the scorpion but do no damage.
You feel sick. The scorpion barely misses you.
You feel sick.
You feel sick.
You see here a +1 chain mail of fire resistance.
You feel sick.
The scorpion stings you but does no damage.
You feel sick.
There is a stone staircase leading up here.
You feel sick. The scorpion closely misses you.
You climb upwards.
You feel sick.
There is a stone staircase leading down here.
You hit the scorpion. You burn the scorpion.
The scorpion is moderately wounded.
You feel sick. The scorpion barely misses you.
You barely miss the scorpion.
The scorpion is moderately wounded.
The scorpion stings you but does no damage.
You hit the scorpion. You burn the scorpion. You headbutt the scorpion.
The scorpion is heavily wounded.
You feel sick.
You are no longer poisoned.
The scorpion stings you!
You die...

..#########
.......@..#
..#####s###
#.# #.# #.#
#.# #.# #.#


You could see a scorpion.

Vanquished Creatures
  Menkaure (D:4)
  An ogre (D:6)
  A centaur (D:6)
  A kobold brigand (D:4)
  A bullfrog (D:6)
  A howler monkey (D:6)
  2 orc priests
  An iguana (D:6)
  An orc wizard (D:3)
  2 hound skeletons (D:4)
  3 adders
  An adder skeleton (D:4)
  2 dart slugs
  16 orcs
  7 endoplasms
  2 giant cockroaches
  4 goblins
  6 hobgoblins
  3 jackals (D:2)
  10 kobolds
  A quokka (D:3)
  11 ball pythons
  5 bats
  4 frilled lizards
  8 rats
95 creatures vanquished.

Notes
Turn   | Place    | Note
-------+----------+-------------------------------------------
     0 | D:1      | coenern the Minotaur Fighter began the quest for the Orb.
     0 | D:1      | Reached XP level 1. HP: 19/19 MP: 0/0
   110 | D:1      | Reached XP level 2. HP: 11/26 MP: 1/1
   861 | D:2      | Reached XP level 3. HP: 28/31 MP: 2/2
  1383 | D:2      | Found a faded altar of an unknown god.
  1645 | D:3      | Reached skill level 5 in Axes
  1919 | D:3      | Reached XP level 4. HP: 39/39 MP: 3/3
  2228 | D:3      | Reached XP level 5. HP: 40/45 MP: 4/4
  2553 | D:4      | Reached skill level 1 in Maces & Flails
  2558 | D:4      | Reached skill level 2 in Maces & Flails
  2814 | D:4      | Reached skill level 4 in Maces & Flails
  2814 | D:4      | Reached XP level 6. HP: 36/51 MP: 5/5
  3161 | D:4      | Noticed Menkaure
  3165 | D:4      | Killed Menkaure
  3166 | D:4      | Reached skill level 5 in Maces & Flails
  3258 | D:4      | You fall into a shaft and drop 2 floors!
  3263 | D:6      | Reached skill level 6 in Maces & Flails
  3278 | D:6      | Reached XP level 7. HP: 52/57 MP: 6/6
  3327 | D:6      | Reached skill level 7 in Maces & Flails
  3392 | D:5      | Entered Level 5 of the Dungeon
  3395 | D:5      | Slain by a scorpion

Illustrated notes

Levels and vault maps discovered:
D:1:      onia_arrival_pentagram, layout_basic, minmay_pentomino_v4
D:2:      layout_basic, shapermc_ecumenical_altar_venn
D:3:      layout_loops_cross
D:4:      layout_basic, minmay_pentangle, uniq_menkaure
D:5:      layout_basic, nicolae_qazlal_general_emergency,
          nicolae_ashenzari_panopticon, minmay_temple_entry_ruins
D:6:      layout_loops_ring, nicolae_sif_muna_little_library, enter_ossuary_1,
          hangedman_decor_riveting

Skill      XL: |  1  2  3  4  5  6  7 |
---------------+----------------------+-----
Axes           | 3 4 5 6 |  6.3
Maces & Flails | 4 6 7 |  7.7
Fighting       | |  3.6
Armour         | |  3.6
Shields        | |  3.6

Action                   |  1- 3 |  4- 6 |  7- 9 || total
-------------------------+-------+-------+-------++-------
Melee: War axe           |    98 |    15 |       ||   113
       Headbutt          |    17 |    26 |     3 ||    46
       Whip              |       |    75 |    25 ||   100
Armor: Scale mail        |    59 |     8 |       ||    67
       Chain mail        |       |    23 |     5 ||    28
Dodge: Dodged            |    37 |    39 |     8 ||    84
Block: Kite shield       |     8 |       |       ||     8
